AoeStats
← Laszlo

Arena

509246707Analyzed
2v2 RM · 7d ago on Sep 26, 2026· 29m 28s· 4 players
Game mode
Random Map
Map size
Medium (4 player)
Population
200
Speed
Normal
Resources
Standard
Victory
Conquest
Starting age
Dark Age
Ending age
Imperial Age
RankedLock teamsTeams togetherTeam positionsShared explorationLock speedFull tech treeHidden civsTurbo modeCheats
Victory
Defeat
🇨🇳 Cumans · China
1067
+13
🇨🇳 Turks · China
1032
+14
🇦🇷 Romans · Argentina
1000
-40
🇷🇸 Byzantines · Serbia
1000
-43
Laszlo
10:28 Feudal Age
11:13 Double-Bit Axe
11:45 Horse Collar
17:46 Gold Mining
21:02 Castle Age
19:00 Stone Mining
22:23 Wheelbarrow
23:00 Bow Saw
23:54 Hand Cart
26:40 Elite Skirmisher
28:32 Thumb Ring
28:20 Fletching
28:31 Padded Archer Armor
Ginóbili the GOAT
11:25 Feudal Age
11:55 Double-Bit Axe
12:52 Wheelbarrow
17:14 Castle Age
17:56 Horse Collar
19:56 Light Cavalry
23:49 Bow Saw
23:59 Stone Mining
23:59 Gold Mining
27:37 Loom
Noob_Forever
10:10 Feudal Age
12:03 Double-Bit Axe
13:03 Horse Collar
13:35 Loom
20:40 Castle Age
19:58 Gold Mining
19:59 Stone Mining
20:50 Wheelbarrow
20:41 Bloodlines
21:02 Scale Barding Armor
21:08 Forging
21:41 Bow Saw
23:38 Heavy Plow
25:06 Iron Casting
26:20 Chain Barding Armor
28:14 Hand Cart
29:21 Town Watch
2288741
10:26 Feudal Age
15:05 Castle Age
13:25 Double-Bit Axe
14:19 Gold Mining
17:27 Loom
20:51 Imperial Age
18:29 Horse Collar
21:11 Padded Archer Armor
28:16 Bow Saw
Connection lost

Rejoining the realm…

Still unreachable

The connection could not be restored.

Session expired

The server has moved on; the page needs a fresh start.